Cogmind - Beta 15 @@@ ROGUE MODE // 2025.05.13 @ 01:31:28 Player: Darcyisverycute Result: Destroyed by GD-LBA(R) with Subdweller Laser Performance ------------- Evolutions (0) 0 Regions Visited (2) 400 Robots Destroyed (19) 95 Value Destroyed (415) 415 Prototype IDs (0) 0 Alien Tech Used (0) 0 Bonus (0) 0 TOTAL SCORE: 910 Bonus ------- None Cogmind --------- Core Integrity 0/250 Matter 295/300 Energy 82/100 System Corruption 0% Temperature Cool (6) Movement Rolling (110) Location -10/Subcaves Parts ------- > --- POWER (1) -------- (None) > --- PROPULSION (2) --- Subdweller Monowheel > --- UTILITY (2) ------ Medium Armor Plating > --- WEAPON (2) ------- Medium Laser Subdweller Laser > --- INVENTORY (5) ---- Improved Terrain Scanner Scrap Shield Peak State ------------ > --- POWER ------------ Ion Engine > --- PROPULSION ------- Light Treads Subdweller Monowheel > --- UTILITY ---------- Large Storage Unit Medium Armor Plating > --- WEAPON ----------- EM Pulse Gun Light Assault Rifle > --- INVENTORY -------- Small Storage Unit Medium Storage Unit High-capacity Battery Large Matter Pod Improved Terrain Scanner Medium Armor Plating Medium Armor Plating Medium Armor Plating Grenade Launcher Rocket Launcher Rocket Launcher Rocket Launcher Rocket Launcher [Rating: 11] Favorites ----------- Power Ion Engine Engine Ion Engine Propulsion Light Treads Treads Light Treads Wheel Subdweller Monowheel Utility Improved Terrain Scanner Device Improved Terrain Scanner Storage Large Storage Unit Protection Medium Armor Plating Weapon Light Assault Rifle Energy Gun EM Pulse Gun Ballistic Gun Light Assault Rifle Build | -11 -10 -10 ------- Run | Yrd Mat Sub Slots Evolved . | . . . Power . | . . . Propulsion . | . . . Utility . | . . . Weapon . | . . . Parts Attached 18 | 8 4 6 Power 2 | 1 . 1 Engine 2 | 1 . 1 Core . | . . . Reactor . | . . . Propulsion 4 | 2 1 1 Treads 3 | 2 1 . Leg . | . . . Wheel 1 | . . 1 Hover . | . . . Flight . | . . . Utility 7 | 2 3 2 Device 1 | 1 . . Storage 3 | 1 2 . Processor . | . . . Hackware . | . . . Protection 3 | . 1 2 Artifact . | . . . Weapon 5 | 3 . 2 Energy Gun 3 | 1 . 2 Energy Cannon . | . . . Ballistic Gun 2 | 2 . . Ballistic Cannon . | . . . Launcher . | . . . Special Weapon . | . . . Impact Weapon . | . . . Slashing Weapon . | . . . Piercing Weapon . | . . . Special Melee Weapon . | . . . Unidentified Prototypes . | . . . Parts Lost 8 | . 2 6 Power 2 | . 1 1 Propulsion 2 | . . 2 Utility 1 | . . 1 Weapon 3 | . 1 2 Highest Loss Streak 5 | . 1 5 To Critical Strikes . | . . . Average Backups 6 | . 7 6 Power . | . . . Propulsion . | . . . Utility 3 | . 4 3 Weapon 2 | . 2 2 Tool/Special . | . . . Unused Backups 10 | . . 10 Power . | . . . Propulsion 1 | . . 1 Utility 4 | . . 4 Weapon 5 | . . 5 Tool/Special . | . . . Average Slot Usage (%) 93 | . 92 96 Engine 8 | . 7 12 Treads 24 | . 28 16 Wheel 3 | . . 11 Device 8 | . 12 . Storage 10 | . 14 3 Protection 8 | . 1 23 Energy Gun 5 | . 1 14 Ballistic Gun 22 | . 26 13 Peak Build Rating 11 | 9 10 11 Average Rating 9 | 6 9 10 On Entrance 6 | . 9 9 Naked Turns . | . . . Heaviest Build 35 | 13 30 35 Greatest Support 40 | 40 40 40 Greatest Overweight (x) 1 | . . 1 Average Overweight (x) . | . . . Largest Inventory Capacity 15 | 8 15 15 Average Capacity 10 | 7 11 7 Most Carried 15 | 1 15 15 Average Carried 6 | . 7 6 Final Capacity 15 | 8 15 5 Final Carried 14 | 1 14 3 Class Distribution -------------------- 100% | Mutant Dominant Class ---------------- Mutant | -10/Materials Mutant | -10/Subcaves Resources | -11 -10 -10 ----------- Run | Yrd Mat Sub Matter Collected 682 | 298 315 69 Remotely . | . . . Salvage Created 707 | 113 495 99 Parts 46 | 9 30 7 Haulers Intercepted 2 | . 2 . Recyclers Shooed 2 | 1 1 . Parts Field Recycled . | . . . Retrieved Matter . | . . . Parts Self-Destructed 15 | . . 15 Prevented . | . . . Kills | -11 -10 -10 ------- Run | Yrd Mat Sub Combat Hostiles Destroyed 14 | . 12 2 Guns 14 | . 12 2 Classes Destroyed 6 | 2 3 1 Tunneler 2 | 2 . . Hauler 2 | . 2 . Recycler 1 | 1 . . Swarmer 5 | . 5 . Grunt 7 | . 7 . Subdweller 2 | . . 2 Best Kill Streak 4 | 3 4 2 Combat Bots Only 3 | . 3 2 Max Kills in Single Turn 1 | 1 1 1 Gunslinging . | . . . Exploded . | . . . Melee . | . . . Uniques/NPCs Destroyed . | . . . Combat | -11 -10 -10 -------- Run | Yrd Mat Sub Hostile Shots Fired 136 | . 95 41 Missed 41 | . 24 17 Hits 95 | . 71 24 Projectile 95 | . 71 24 Damage Taken 1308 | . 740 568 Core 259 | . 161 98 Absorbed by Shields . | . . . Core Remaining (%) 100 | 100 . . Volleys Fired 104 | 9 76 19 Largest 2 | 2 2 2 Hottest 110 | 40 60 110 Shots Fired 208 | 18 152 38 Gun 208 | 18 152 38 Cannon . | . . . Launcher . | . . . Special . | . . . Kinetic 185 | 18 150 17 Thermal 9 | . . 9 Explosive . | . . . Electromagnetic 14 | . 2 12 Robot Hit Streak 13 | 8 13 6 Robot Miss Streak 5 | 2 5 3 Penetration Max . | . . . Secondary Targets 1 | . 1 . Max Gunslinging Chain 1 | . 1 . Shots Hit Robots 148 | 14 105 29 Core Hits 46 | 6 34 6 Critical Kills 1 | . 1 . Critical Parts Destroyed 1 | . 1 . Critical Strikes 2 | . 2 . Destroy 2 | . 2 . Melee Attacks . | . . . Impact . | . . . Slashing . | . . . Piercing . | . . . Sneak Attacks . | . . . Combat Hostiles . | . . . Follow-up Attacks . | . . . Damage Inflicted 1335 | 115 866 354 Guns 1335 | 115 866 354 Cannons . | . . . Explosions . | . . . Melee . | . . . Ramming . | . . . Kinetic 1066 | 115 854 97 Thermal 144 | . . 144 Explosive . | . . . Electromagnetic 125 | . 12 113 Impact . | . . . Slashing . | . . . Piercing . | . . . Highest Corruption . | . . . Average Corruption . | . . . Corruption Purged . | . . . Corruption Blocked . | . . . Overload Shots . | . . . Overflow Damage . | . . . Projectiles . | . . . Explosions . | . . . Melee . | . . . Knockbacks . | . . . Impact . | . . . Kinetic . | . . . Secondary . | . . . Self-Inflicted Damage . | . . . Shots . | . . . Rammed . | . . . Targets Rammed . | . . . Kicked . | . . . Crushed . | . . . Highest Temperature 39 | . 25 39 Average Temperature 9 | . 8 12 Received Heat Transfer 453 | . 282 171 Siege Activations . | . . . Martial Activations . | . . . Shielding Activations . | . . . Robots Disrupted . | . . . Combat Hostiles . | . . . Robots Corrupted . | . . . Combat Hostiles . | . . . Parts Fried . | . . . Impact Corruptions . | . . . Robots Melted . | . . . Combat Hostiles . | . . . Parts Melted . | . . . Heat Transferred 224 | . . 224 Parts Sabotaged . | . . . Parts Stolen . | . . . Parts Stripped . | . . . Power Chain Reactions . | . . . Alert | -11 -10 -10 ------- Run | Yrd Mat Sub Maximum Alert Level . | . . . Low Security (%) 100 | 100 100 . Level 1 . | . . . Level 2 . | . . . Level 3 . | . . . Level 4 . | . . . Level 5 . | . . . High Security . | . . . Max Security . | . . . Peak Influence 118 | 15 118 . Initial . | . . . Average 50 | 1 56 . Influence Increases 419 | 15 404 . Destroy 0b10 Robot/C 240 | . 240 . Destroy 0b10 Robot/NC 25 | 15 10 . Destroy Leader 64 | . 64 . Disable Machine 15 | . 15 . Lose Combat Pursuer 75 | . 75 . Influence Decreases 419 | 15 374 30 Entered New Map 15 | . . 15 Time Decay 384 | 15 354 15 Lost Part 20 | . 20 . Squads Dispatched 4 | . 4 . Investigation 2 | . 2 . Extermination . | . . . Reinforcement 2 | . 2 . Assault . | . . . Garrison . | . . . Intercept . | . . . Searches Triggered . | . . . Construction Impeded . | . . . Haulers Reinforced . | . . . Active Scanning Responses . | . . . Cargo Convoy Interrupts . | . . . Stealth | -11 -10 -10 --------- Run | Yrd Mat Sub Distress Signals 2 | . 2 . Communications Jammed . | . . . Distress Signals . | . . . Times Spotted 31 | . 27 4 Peak Tracking Total 5 | . 5 2 Tactical Retreats 5 | . 5 . Traps | -11 -10 -10 ------- Run | Yrd Mat Sub Traps Triggered 2 | . 2 . Indirectly . | . . . Trap Hack Attempts . | . . . Triggered . | . . . Disarmed . | . . . Reprogrammed . | . . . Reused . | . . . Traps Extracted . | . . . Installed . | . . . Triggered . | . . . Machines | -11 -10 -10 ---------- Run | Yrd Mat Sub Machines Disabled 1 | . 1 . Max in Single Turn 1 | . 1 . Machines Repaired . | . . . Machines Dismantled . | . . . Machines Sabotaged . | . . . Overloaded Fab Kills . | . . . Hacking | -11 -10 -10 --------- Run | Yrd Mat Sub Machines Accessed 2 | . 2 . Terminals 2 | . 2 . Fabricators . | . . . Repair Stations . | . . . Recycling Units . | . . . Scanalyzers . | . . . Garrison Access . | . . . Total Hacks 6 | . 6 . Successful 2 | . 2 . Failed 4 | . 4 . Catastrophic 1 | . 1 . Database Lockouts . | . . . Manual . | . . . Terminals 6 | . 6 . Fabricators . | . . . Repair Stations . | . . . Recycling Units . | . . . Scanalyzers . | . . . Garrison Access . | . . . Terminal Hacks 2 | . 2 . Branch Access Points 1 | . 1 . Alert Level 1 | . 1 . Fabricator Hacks . | . . . Repair Station Hacks . | . . . Recycling Unit Hacks . | . . . Scanalyzer . | . . . Garrison Access Hacks . | . . . Unauthorized Hacks . | . . . Terminals . | . . . Fabricators . | . . . Repair Stations . | . . . Recycling Units . | . . . Scanalyzers . | . . . Garrison Access . | . . . Data Cores Recovered . | . . . Used . | . . . Hacking Detections 2 | . 2 . Full Trace Events . | . . . Feedback Events . | . . . Feedback Blocked . | . . . Robot Schematics Acquired . | . . . Robots Built . | . . . Authchips . | . . . Time . | . . . Total Robot Build Rating . | . . . Part Schematics Acquired . | . . . Parts Built . | . . . Authchips . | . . . Time . | . . . Total Part Build Rating . | . . . Parts Repaired . | . . . Time . | . . . Parts Recycled . | . . . Recycled Matter . | . . . Retrieved Matter . | . . . Retrieved Components . | . . . Parts Scanalyzed . | . . . Part Schematics Acquired . | . . . Parts Damaged . | . . . Bothacking | -11 -10 -10 ------------ Run | Yrd Mat Sub Used RIF Installer . | . . . Robots Hacked . | . . . Non-combat . | . . . Combat . | . . . Robot Hacks Applied . | . . . Relay Couplers Released . | . . . Fabnet Peak Effective % . | . . . Robots Rewired . | . . . Allies Hacked . | . . . Hacks Repelled . | . . . Allies | -11 -10 -10 -------- Run | Yrd Mat Sub Total Allies . | . . . Largest Group . | . . . Highest-Rated Group . | . . . Highest-Rated Ally . | . . . Total Orders . | . . . Ally Attacks . | . . . Total Damage . | . . . Kills . | . . . Allies Corrupted . | . . . Allies Melted . | . . . Intel | -11 -10 -10 ------- Run | Yrd Mat Sub Active Infowar (turns) 895 | 53 842 . Terrain 895 | 53 842 . Robot Analysis Total . | . . . Derelict Logs Recovered 2 | . . 2 Drone Launches . | . . . Drone Recoveries . | . . . Exploration | -11 -10 -10 ------------- Run | Yrd Mat Sub Turns Passed 1533 | 131 969 433 Spaces Moved 757 | 62 408 287 Core 3 | 3 . . Treads 501 | 59 408 34 Legs . | . . . Wheels 253 | . . 253 Hover . | . . . Flight . | . . . Fastest Speed 50 | 50 160 110 Average Speed 146 | 154 160 124 Slowest Speed 240 | 160 160 240 Overloaded Moves . | . . . Propulsion Burnouts . | . . . Robots Hopped . | . . . Potential Cave-ins . | . . . Cave-ins Triggered . | . . . Exploration Rate (%) 32 | 6 71 19 Regions Visited 2 Branch Regions 1 Pre-discovered Areas . | . . . Known Exits Taken . | . . . Unknown Exits Taken 2 | 1 1 . Scrap Searched . | . . . Spaces Dug . | . . . Terrain Destroyed . | . . . Melee . | . . . Projectile . | . . . AOE . | . . . Terrain Rammed . | . . . Walls Destroyed . | . . . Machines Disabled . | . . . Actions | -11 -10 -10 --------- Run | Yrd Mat Sub Total 1010 | 79 601 330 Wait 104 | . 100 4 Move 755 | 61 407 287 Hop . | . . . Pick Up 19 | 1 12 6 Fast Attach 10 | 7 . 3 Attach 4 | . 1 3 Detach 1 | . . 1 Swap 5 | 1 4 . Drop 8 | . 1 7 Fire 104 | 9 76 19 Melee . | . . . Ram . | . . . Kick . | . . . Crush . | . . . Escape Stasis . | . . . Rewire . | . . . Trap . | . . . Miscellaneous . | . . . Route ------- -11/Scrapyard -10/Materials (discovered 5 exits: [*Mat x2] / *Min x2 / [*Sub]) -10/Subcaves History --------- Turn | Location | Event 12 | -11/Scrapyard | Discovered new exit (range 16) 132 | -11/Scrapyard | Entered Materials 175 | -10/Materials | Identified exit to Mines 304 | -10/Materials | Build established: Mutant 662 | -10/Materials | Core integrity fell below 50% 678 | -10/Materials | Discovered new exit (range 6) 885 | -10/Materials | Discovered new exit (range 13) 1096 | -10/Materials | Discovered new exit (range 5) 1101 | -10/Materials | Entered Subcaves 1104 | -10/Subcaves | Ambushed by Subdwellers from Twisted Machinery 1355 | -10/Subcaves | Learned Materials terminal intel 1445 | -10/Subcaves | Learned Materials security intel 1518 | -10/Subcaves | Core integrity fell below 20% 1534 | -10/Subcaves | Destroyed by GD-LBA(R) with Subdweller Laser Last Messages --------------- Power Source. 01234_ Acquired Sub. Laser. 01236_ Dropped Med. Armor Plating. 01238_ Acquired Med. Laser. 01245_ Subatomizers dissect the Corrupted Sub. Power Source. 01247_ Extracted 20 matter. 01258_ Subatomizers dissect the Corrupted Sub. Power Source. 01355_ Acquired derelict log, extracted data. Data stored: Materials terminal intel. 01445_ Acquired derelict log, extracted data. Data stored: Materials security intel. 01511_ EM Pulse Gun destroyed. 01521_ LV-TK8(R) IFF system glitched. 01523_ Med. Armor Plating destroyed. 01527_ Lgt. Assault Rifle destroyed. 01530_ Ion Engine destroyed. 01531_ Lgt. Treads destroyed. 01533_ GD-LBA(R) heat spikes uncontrollably. Map ----- +----------------------------------------------------+ | ?????????????????????????????????????????????????? | | ?????????????????????????????????????????????????? | | ?????????????????????????????????????????????????? | | ?????????????????????????????????????????????????? | | ?????????????????????????????????????????????????? | | ?????????????????????????????????????????????????? | | ?????????????????????????????????????????????????? | | ?????????????????????????????????????????????????? | | ?????????????????????????????????????????????????? | | ?????????????????????????????????????????????????? | | ?????????????????????????????????????????????????? | | ?????????????????????????????????????????????????? | | ?????????????????????????????????????????????????? | | ?????????????????????????????????????????????????? | | ?????????????????????????????????####????????????? | | ????????????????????????????????## ##???????????? | | ?????????????????????????????#### ##??????????? | | ????????????????????????????## #??????????? | | ???????????????????????????## #??????????? | | ?????????????????????????##;# #??????????? | | ????????????????????##??## % ##??????????? | | ????????????????????# ### ## ##??????????? | | ??????????????????####;; ### #########??? | | ????????????????### ### ###? | | ???????????????## #?#% ## | | ?????????????# @ #?# # | | ?????????????## #?# # # | | ??????????????# %## ### ## ##?# | | ??????????????## ??## #?# ## #?## | | ???????????????##????## ##?# ## ### | | ??????????????????????# ##??## | | ?????????????????????? ##????## | | ?????????????????????? R#??????# ## | | ?????????????????????## R #??????# ### | | ??????????????????????# ??????# #?# | | ??????????????????????# ??????## ### | | ??????????????????????# ???????## ### | | ??????????????????????## ???????### #?###### | | ????????????????????????## ?????????## #??????? | | ?????????????????????????? ??????????# #??????? | | ?????????????????????????? ???????????#####??????? | | ?????????????????????????????????????????????????? | | ?????????????????????????????????????????????????? | | ?????????????????????????????????????????????????? | | ?????????????????????????????????????????????????? | | ?????????????????????????????????????????????????? | | ?????????????????????????????????????????????????? | | ?????????????????????????????????????????????????? | | ?????????????????????????????????????????????????? | | ?????????????????????????????????????????????????? | +----------------------------------------------------+ Best States ------------- Heat Dissipation 25 Energy Generation 10 Energy Capacity 250 Matter Stores 300 Matter Capacity 300 Sight Range 16 Terrain Scan Range 16 Terrain Scan Density 10 Armor Coverage 450 Evasion (%) 40 Recoil Reduction 2 Item Schematics ----------------- None Robot Schematics ------------------ None Fabricated ------------ Nothing Repaired ---------- Nothing Alien Tech Used ----------------- None Achievements -------------- None Challenges ------------ None Game ------ Seed CoilPitchforkShielding Manual? 0 Play Time 00:11:19 Cumulative 182.5 hours Start 2025.05.13 @ 01:21:57 End 2025.05.13 @ 01:31:28 Sessions 1 Manual Loads 0 Difficulty Rogue Special Mode None Game No. 100 Rogue 92 Adventurer 8 Explorer 0 Win Type - Total 4 Types 2/0/1/1/0/0/0/0/0/0 Lore% 72 Gallery% 70 Achievement% 59 Wizard Run 0 Options --------- Layout 2 ASCII 0 Keyboard 1 Movement Numpad Keybinds 1 Fullscreen 1 Font 48/Smallcaps Map View 50x44 Zoom Use 0% Tactical HUD 1 Map Filters NONE Filters NONE Steam 1 RUN: 9e404b51-acc9-41da-a5e7-986a794b0ee0